 Dungeon Crawl Stone Soup version 0.22.0 (webtiles) character file.

53 BigChef the Skirmisher (level 3, -3/30 HPs)
             Began as a Demonspawn Chaos Knight on Aug 28, 2018.
             Slain by an ogre
             ... wielding a +0 giant club
              (7 damage)
             ... on level 2 of the Dungeon.
             The game lasted 00:01:57 (975 turns).

BigChef the Skirmisher (Demonspawn Chaos Knight)     Turns: 975, Time: 00:01:58

Health: -3/30      AC:  5    Str: 13      XL:     3   Next: 64%
Magic:  3/3        EV: 10    Int: 12 (13) God:    Xom [......]
Gold:   42         SH:  3    Dex: 12      Spells: 2/2 levels left

rFire    . . .     SeeInvis .   a - +0 falchion (chaos)
rCold    . . .     Gourm    .   d - +0 buckler
rNeg     . . .     Faith    .   b - +2 leather armour
rPois    .         Spirit   .   (no helmet)
rElec    .         Reflect  .   (no cloak)
rCorr    .         Harm     .   (no gloves)
MR       .....                  (no boots)
Stlth    +.........             (no amulet)
HPRegen  0.10/turn              (no ring)
MPRegen  0.08/turn              (no ring)

@: no status effects
A: spiny 1
a: Renounce Religion


You were on level 2 of the Dungeon.
You worshipped Xom.
You were a very special plaything of Xom.
You were not hungry.

You visited 1 branch of the dungeon, and saw 2 of its levels.

You collected 42 gold pieces.

Inventory:

Hand Weapons
 a - a +0 falchion of chaos (weapon)
Armour
 b - a +2 leather armour (worn)
 d - a +0 buckler (worn)
Scrolls
 e - 2 scrolls of remove curse {unknown}
 g - a scroll of identify {unknown}
 j - a scroll of teleportation {unknown}
Potions
 f - a potion of lignification {unknown}
 h - a potion of degeneration {unknown}
 i - 2 potions of brilliance {unknown}
Comestibles
 c - 7 rations


   Skills:
 + Level 3.8 Fighting
 + Level 3.5 Long Blades
 + Level 1.8 Armour
 + Level 1.1 Dodging


You had 2 spell levels left.
You didn't know any spells.
Your spell library was empty.

Dungeon Overview and Level Annotations

Branches:
Dungeon (2/15)

Altars:
Okawaru
Xom


Innate Abilities, Weirdness & Mutations

You are partially covered in sharp spines.


Message History

The ogre is severely wounded. "Just a minor improvement..."
The ogre hits you with a giant club!
Ouch! That really hurt!
You hit the ogre. You burn the ogre.
The ogre is almost dead.
The ogre hits you with a giant club!
* * * LOW HITPOINT WARNING * * *
There is a shimmering altar of Xom here.
There is a shimmering altar of Xom, spattered with blood here.
Things that are here:
an uncursed hunting sling; 9 sling bullets "Fight to survive, mortal."
There is an open door here.
You see here 2 sling bullets.
You see here a sling bullet.
You hit the ogre.
The ogre is almost dead.
The ogre hits you with a giant club!
You die...

########### ..........#
........#.############ ###
.......>.............###..
....................†..'..
.########.##########+###..
#@##### #.......##
#######O#...# #.......#
#.....K_..#.###......†# #.
#...._....._..#.......#
#_..##...._....#.#.#.......#
#....'.............#.......#
#...##............##.......#
... #..._........##.......#
. #....##########.......#


You could see an ogre and a kobold.

Vanquished Creatures
  An adder (D:2)
  An ooze (D:2)
  2 ball pythons
  A giant cockroach (D:2)
  4 goblins
  7 hobgoblins
  3 jackals (D:2)
  7 kobolds
  3 bats (D:1)
  3 frilled lizards (D:1)
  7 rats
39 creatures vanquished.

Notes
Turn   | Place    | Note
-------+----------+-------------------------------------------
     0 | D:1      | BigChef the Demonspawn Chaos Knight began the quest for the Orb.
     0 | D:1      | Reached XP level 1. HP: 18/18 MP: 1/1
    82 | D:1      | Gained mutation: You are partially covered in sharp spines. [demonic ancestry]
    82 | D:1      | Reached XP level 2. HP: 24/24 MP: 2/2
   119 | D:1      | XOM: harmless Erth miscast
   483 | D:2      | Reached XP level 3. HP: 29/30 MP: 3/3
   696 | D:2      | Reached skill level 1 in Dodging
   792 | D:2      | Found an iron altar of Okawaru.
   929 | D:2      | XOM: stat loss: -1 Int (12/13)
   960 | D:2      | Noticed an ogre
   965 | D:2      | XOM: scenery: create altars
   973 | D:2      | XOM: summons 1 hostile demon
   974 | D:2      | Noticed an orange demon
   975 | D:2      | Slain by an ogre

Skill      XL: |  1  2  3 |
---------------+----------+-----
Long Blades    | 3 |  3.5
Dodging        | 1 |  1.1
Fighting       | |  3.8
Armour         | |  1.8

Action                   || total
-------------------------++-------
Melee: Falchion          ||    91
Armor: Leather armour    ||    31
Dodge: Dodged            ||    42
Block: Buckler           ||    13
       Rpst.: Falchion   ||    13
